 Dungeon Crawl Stone Soup version 0.23.2-1-ga50397a6bc (webtiles) character file.

Game seed: 9918072556580928330

1676 Kniotic the Cleaver (level 8, -1/96 HPs)
             Began as a Minotaur Berserker on Apr 30, 2019.
             Was an Elder of Trog.
             Killed from afar by a steam dragon (11 damage)
             ... with a ball of steam
             ... on level 8 of the Dungeon.
             The game lasted 00:05:02 (5157 turns).

Kniotic the Cleaver (Minotaur Berserker)            Turns: 5157, Time: 00:05:02

Health: -1/96      AC: 12    Str: 30    XL:     8   Next: 70%
Magic:  7/7        EV:  8    Int:  4    God:    Trog [****..]
Gold:   213        SH:  0    Dex:  9    Spells: 7/7 levels left

rFire    . . .     SeeInvis .   b - +0 war axe
rCold    . . .     Gourm    .   (no shield)
rNeg     . . .     Faith    .   x - +0 plate armour
rPois    .         Spirit   .   (helmet restricted)
rElec    .         Reflect  .   j - +0 cloak
rCorr    .         Harm     .   (no gloves)
MR       .....                  (no boots)
Stlth    ..........             (no amulet)
HPRegen  0.26/turn              (no ring)
MPRegen  0.10/turn              (no ring)

@: berserking, lightly drained, very quick
A: retaliatory headbutt, horns 2
a: Berserk, Trog's Hand, Brothers in Arms, Renounce Religion


You were on level 8 of the Dungeon.
You worshipped Trog.
Trog was greatly pleased with you.
You were very hungry.

You visited 1 branch of the dungeon, and saw 7 of its levels.

You collected 213 gold pieces.

Inventory:

Hand Weapons
 b - a +0 war axe (weapon)
Armour
 j - a +0 cloak (worn)
 x - a +0 plate armour (worn)
Wands
 w - a wand of digging (6)
Scrolls
 d - 3 scrolls of identify
 g - 2 scrolls of remove curse {unknown}
 k - 5 scrolls of teleportation
 l - a scroll of enchant weapon {unknown}
 n - a scroll of noise {unknown}
 o - a scroll of enchant armour {unknown}
 p - a scroll of amnesia {unknown}
 r - a scroll of magic mapping {unknown}
 s - 2 scrolls of random uselessness {unknown}
 u - a scroll of fog {unknown}
Potions
 e - a potion of curing
 h - 4 potions of mutation {unknown}
 i - 2 potions of berserk rage {unknown}
 m - a potion of magic {unknown}
 v - a potion of invisibility {unknown}
Comestibles
 a - 3 chunks of flesh
 c - 11 rations


   Skills:
 - Level 3.6(3.4) Fighting
 + Level 13.2(13.0) Axes
 - Level 2.4(2.2) Armour
 - Level 2.1(2.0) Dodging


You had 7 spell levels left.
You didn't know any spells.
Your spell library was empty.

Dungeon Overview and Level Annotations

Branches:
Dungeon (6/15)
 Temple: D:4-7

Altars:
Fedhas
Kikubaaqudgha
Nemelex Xobeh
Okawaru
Ru
Trog
Xom
Yredelemnul
The Shining One


Innate Abilities, Weirdness & Mutations

You reflexively headbutt those who attack you in melee.
You have a pair of horns on your head.


Message History

A warg comes into view.
The orc priest looks encouraged for a moment.
The steam dragon barely misses you.
The steam dragon claws you but does no damage.
You hit the steam dragon but do no damage.
Your headbutt misses the steam dragon.
The steam dragon is heavily wounded.
You slash the hornet zombie!
You are engulfed in a cloud of scalding steam.
The hornet zombie barely misses you. You furiously retaliate!
You headbutt the hornet zombie! You slash the steam dragon!
Your headbutt misses the steam dragon.
The steam dragon is almost dead.
You slash the hornet zombie!
You destroy the hornet zombie!
Trog accepts your kill.
You are engulfed in a cloud of scalding steam.
The steam dragon breathes steam at you. The ball of steam hits you!
You die...

# ########.#
###. #.#
..(.####### #.#
........§.###.#
.......§.....#
......§§§#####
####§§§##
#####.§§#
#...@...#
#..D....#
.......<....#
[.##........# .
#.......o#
#.c....[..h
#..../......
.....####...


You could see a warg, a steam dragon, a centaur and an orc priest.

Vanquished Creatures
  An orc warrior (D:8)
  A hornet zombie (D:8)
  An ogre (D:5)
  A centaur (D:8)
  2 bullfrogs
  A scorpion (D:3)
  5 howler monkeys (D:8)
  3 crimson imps
  4 bullfrog skeletons
  4 orc priests
  A centaur skeleton (D:5)
  A hound (D:4)
  A jelly (D:8)
  5 orc wizards
  4 iguanas
  2 worker ants (D:5)
  A hound skeleton (D:8)
  4 gnolls (D:4)
  9 adders
  3 oozes
  2 adder skeletons
  2 dart slugs
  4 leopard geckos
  21 orcs
  4 ball pythons
  5 giant cockroaches
  5 hobgoblins
  8 jackals
  2 quokkas
  8 bats
  6 frilled lizards
  10 goblins
  A jackal skeleton (D:4)
  13 kobolds
  6 rats
151 creatures vanquished.

Notes
Turn   | Place    | Note
-------+----------+-------------------------------------------
     0 | D:1      | Kniotic the Minotaur Berserker began the quest for the Orb.
     0 | D:1      | Reached XP level 1. HP: 19/19 MP: 0/0
    48 | D:1      | Reached skill level 4 in Axes
    50 | D:1      | Reached XP level 2. HP: 22/26 MP: 1/1
   270 | D:1      | Reached skill level 5 in Axes
   305 | D:1      | Reached XP level 3. HP: 25/31 MP: 2/2
   805 | D:2      | Reached ** piety under Trog
   841 | D:2      | Found a sparkling altar of Nemelex Xobeh.
   882 | D:2      | Found a sacrificial altar of Ru.
  1528 | D:2      | Reached skill level 6 in Axes
  1528 | D:2      | Reached XP level 4. HP: 32/39 MP: 3/3
  2026 | D:3      | Found a shimmering altar of Xom.
  2028 | D:3      | Found a shimmering altar of Xom.
  2028 | D:3      | Found a snail-covered altar of Cheibriados.
  2031 | D:3      | Found a shimmering altar of Xom.
  2031 | D:3      | Found a glowing golden altar of the Shining One.
  2031 | D:3      | Found a sparkling altar of Nemelex Xobeh.
  2106 | D:3      | Reached skill level 7 in Axes
  2106 | D:3      | Reached XP level 5. HP: 39/45 MP: 4/4
  2134 | D:3      | Reached *** piety under Trog
  2232 | D:3      | Found a basalt altar of Yredelemnul.
  2234 | D:3      | Noticed a profane servitor
  2244 | D:3      | Found a glowing golden altar of the Shining One.
  2246 | D:3      | Noticed an angel
  2483 | D:4      | Reached skill level 8 in Axes
  2483 | D:4      | Reached XP level 6. HP: 36/51 MP: 5/5
  2533 | D:4      | Found a blossoming altar of Fedhas.
  2856 | D:4      | Found an ancient bone altar of Kikubaaqudgha.
  2858 | D:4      | Found a bloodstained altar of Trog.
  3357 | D:4      | Reached skill level 9 in Axes
  3594 | D:5      | Entered Level 5 of the Dungeon
  3649 | D:5      | Reached XP level 7. HP: 24/57 MP: 6/6
  3902 | D:5      | Reached skill level 10 in Axes
  4303 | D:5      | Reached **** piety under Trog
  4376 | D:5      | Reached skill level 11 in Axes
  4732 | D:6      | Reached XP level 8. HP: 60/64 MP: 7/7
  4742 | D:6      | You fall through a shaft for 2 floors!
  4773 | D:8      | Reached skill level 12 in Axes
  4851 | D:8      | Reached skill level 13 in Axes
  5095 | D:8      | Found an iron altar of Okawaru.
  5157 | D:8      | Killed from afar by a steam dragon

Skill      XL: |  1  2  3  4  5  6  7  8 |
---------------+-------------------------+-----
Axes           | 4 5 6 7 8 9 11 13 | 13.2
Fighting       | |  3.6
Armour         | |  2.4
Dodging        | |  2.1

Action                   |  1- 3 |  4- 6 |  7- 9 || total
-------------------------+-------+-------+-------++-------
Melee: Hand axe          |    79 |   154 |   155 ||   388
       Headbutt          |     5 |    19 |    31 ||    55
       War axe           |       |       |    10 ||    10
Invok: Berserk           |       |     2 |     3 ||     5
  Use: Scroll            |       |       |     4 ||     4
       Potion            |       |       |     3 ||     3
 Stab: Sleeping          |     1 |       |       ||     1
  Eat: Chunk             |     2 |     8 |     7 ||    17
Armor: Animal skin       |    20 |    26 |     6 ||    52
       Plate armour      |       |       |    47 ||    47
Dodge: Dodged            |    55 |    86 |    64 ||   205
